 Dungeon Crawl Stone Soup version 0.19-a0-892-g8a19e52 (webtiles) character file.

1412 matakusis the Ducker (level 8, -2/93 HPs)
             Began as a Demonspawn Gladiator on July 4, 2016.
             Slain by an orc warrior
             ... wielding a +1 long sword of holy wrath
              (3 damage)
             ... on level 6 of the Dungeon.
             The game lasted 00:13:47 (4023 turns).

matakusis the Ducker (Demonspawn Gladiator)         Turns: 4023, Time: 00:13:47

Health: -2/93      AC: 24    Str: 16    XL:     8   Next: 43%
Magic:  8/8        EV:  2    Int:  9    God:
Gold:   376        SH:  8    Dex: 14    Spells: 0 memorised, 7 levels left

rFire  . . .     SeeInvis .     a - +1 long sword
rCold  . . .     Gourm    .     (armour currently unavailable)
rNeg   + + +     Faith    .     p - +0 shield
rPois  +         Spirit   .     (helmet currently unavailable)
rElec  .         Dismiss  .     (cloak currently unavailable)
rCorr  .         Reflect  .     (gloves currently unavailable)
SustAt +         Harm     .     (boots currently unavailable)
MR     +....     NoTele   +     (no amulet)
Stlth  +.........               u - ring of protection from magic
                                w - ring of sustain attributes

@: tree-form, somewhat resistant to hostile enchantments, very unstealthy
A: (claws 0), clumsy 1, (cold resistance 0), negative energy resistance 1,
(spiny 0), MP-powered wands, (sanguine armour 0)
a: no special abilities


You were on level 6 of the Dungeon.
You were not hungry.
You were a tree.
You visited 2 branches of the dungeon, and saw 7 of its levels.

You collected 376 gold pieces.

Inventory:

Hand Weapons
 a - a +1 long sword (weapon)
Missiles
 d - 3 throwing nets (quivered)
Armour
 b - a +0 leather armour (melded)
 c - a +0 helmet (melded)
 h - a +0 cloak (melded)
 p - a +0 shield (worn)
Jewellery
 m - an uncursed ring of stealth
 u - a ring of protection from magic (right branch)
 w - a ring of sustain attributes (left branch)
Wands
 o - a wand of disintegration (24/24)
Scrolls
 e - a scroll of remove curse
 g - 2 scrolls of identify
 k - 3 scrolls of teleportation
 l - 2 scrolls of magic mapping
 t - a scroll of enchant weapon
Potions
 n - a potion of magic
 r - 2 potions of agility
 s - a potion of lignification
Comestibles
 f - 3 bread rations
 i - a slice of pizza
 j - 4 chunks of flesh
 q - 2 meat rations


   Skills:
 * Level 5.2 Fighting
 + Level 4.8 Long Blades
 - Level 1.7 Throwing
 * Level 7.4 Dodging
 * Level 2.2 Shields


You had 7 spell levels left.
You didn't know any spells.

Dungeon Overview and Level Annotations

Branches:
Dungeon (6/15)             Temple (1/1) D:5

Altars:
Ashenzari
Cheibriados
Dithmenos
Elyvilon
Fedhas
Nemelex Xobeh
Okawaru
Pakellas
Qazlal
Sif Muna
Trog
Vehumet
Xom
Yredelemnul
The Shining One

Shops:
D:4 (


Innate Abilities, Weirdness & Mutations

((You have very sharp fingernails.))
You resist negative energy. (rN+)
((You are partially covered in sharp spines.))
((When seriously injured, your bleeding wounds create thick armour. (AC +0)))
You are clumsy. (Dex -2)
((Your flesh is cold resistant. (rC+)))
You expend magic power (3 MP) to strengthen your wands.


Message History

The worker ant is heavily wounded.
The worker ant barely misses you.
The orc warrior hits you with a long sword of holy wrath.
* * * LOW HITPOINT WARNING * * *
You convulse.
* * * LOW HITPOINT WARNING * * *
The worker ant bites you but does no damage.
You hit the worker ant.
The worker ant is severely wounded.
The orc warrior hits you but does no damage.
The worker ant completely misses you.
You riposte.
You barely miss the worker ant.
The worker ant is severely wounded.
Unknown command.
You closely miss the worker ant.
The worker ant is severely wounded.
The worker ant bites you.
* * * LOW HITPOINT WARNING * * *
The orc warrior hits you with a long sword of holy wrath.
You die...

......).....####...#
..........#........#
..##...............#
#...............#
#...............#
#.......))......#
#...............#
########)a......#
#♣o......#
#.<......#
#........#
##########


You could see an orc warrior and a worker ant.

Vanquished Creatures
  Pikel (D:5)
  Edmund (D:5)
  2 water moccasins
  2 ogres
  The ghost of Fenrir042 the Sneak, an amateur SpEn (D:3)
  A howler monkey (D:4)
  An orc priest (D:4)
  An iron imp (D:5)
  A jelly (D:5)
  An iguana (D:6)
  2 orc wizards (D:4)
  3 worker ants (D:4)
  A hound skeleton (D:4)
  A worker ant zombie (D:5)
  3 adders
  2 oozes
  2 worms
  3 dart slugs
  3 giant geckos
  17 orcs
  5 bats
  4 giant cockroaches
  5 goblins
  7 hobgoblins
  2 jackals (D:5)
  7 kobolds
  2 quokkas
  A ball python (D:4)
  A ball python zombie (D:5)
  A giant gecko zombie (D:5)
  3 giant newts
  6 rats (D:1)
93 creatures vanquished.

Vanquished Creatures (others)
  An orc (D:5)
1 creature vanquished.

Grand Total: 94 creatures vanquished

Notes
Turn   | Place    | Note
-------+----------+-------------------------------------------
     0 | D:1      | matakusis the Demonspawn Gladiator began the quest for the Orb.
     0 | D:1      | Reached XP level 1. HP: 16/16 MP: 1/1
   153 | D:1      | Reached skill level 3 in Dodging
   217 | D:1      | Gained mutation: You are partially covered in sharp spines. [demonic ancestry]
   217 | D:1      | Reached XP level 2. HP: 20/22 MP: 2/2
   546 | D:2      | Gained mutation: When seriously injured, your bleeding wounds create armour. (AC +0) [demonic ancestry]
   546 | D:2      | Reached XP level 3. HP: 18/27 MP: 3/3
  1118 | D:2      | Gained mutation: You are clumsy. (Dex -2) [potion of mutation]
  1118 | D:2      | Gained mutation: You are somewhat resistant to further mutation. [potion of mutation]
  1185 | D:3      | Noticed Fenrir042's ghost (amateur SpEn)
  1250 | D:3      | Killed Fenrir042's ghost
  1250 | D:3      | Reached skill level 4 in Dodging
  1250 | D:3      | Gained mutation: You have sharp fingernails. [demonic ancestry]
  1250 | D:3      | Reached XP level 4. HP: 34/34 MP: 4/4
  1323 | D:3      | Lost mutation: You are somewhat resistant to further mutation. [potion of mutation]
  1323 | D:3      | Gained mutation: Your flesh is cold resistant. (rC+) [potion of mutation]
  1323 | D:3      | Gained mutation: You expend magic power (3 MP) to strengthen your wands. [potion of mutation]
  1362 | D:3      | Gained mutation: When seriously injured, your bleeding wounds create thick armour. (AC +0) [demonic ancestry]
  1362 | D:3      | Reached XP level 5. HP: 32/39 MP: 5/5
  1471 | D:3      | Found a snail-covered altar of Cheibriados.
  1530 | D:3      | Found a bloodstained altar of Trog.
  1695 | D:3      | Found a glowing golden altar of the Shining One.
  1936 | D:4      | Noticed a water moccasin
  1942 | D:4      | Killed a water moccasin
  1942 | D:4      | Reached skill level 5 in Dodging
  1942 | D:4      | Reached XP level 6. HP: 32/47 MP: 6/6
  2451 | D:4      | Found Woimipp's Weapon Shoppe.
  2813 | D:5      | Entered Level 5 of the Dungeon
  2907 | D:5      | Gained mutation: You resist negative energy. (rN+) [demonic ancestry]
  2907 | D:5      | Reached XP level 7. HP: 46/53 MP: 7/7
  3082 | D:5      | Found a staircase to the Ecumenical Temple.
  3091 | Temple   | Entered the Ecumenical Temple
  3339 | D:5      | Noticed Pikel
  3348 | D:5      | Killed Pikel
  3348 | D:5      | Reached skill level 6 in Dodging
  3348 | D:5      | Reached skill level 1 in Shields
  3349 | D:5      | Gained mutation: You have very sharp fingernails. [demonic ancestry]
  3349 | D:5      | Reached XP level 8. HP: 17/61 MP: 8/8
  3633 | D:5      | Noticed Edmund
  3641 | D:5      | Killed Edmund
  3641 | D:5      | Reached skill level 5 in Fighting
  3641 | D:5      | Reached skill level 7 in Dodging
  3782 | D:5      | Found a snail-covered altar of Cheibriados.
  4018 | D:6      | HP: 4/93 [worker ant (1)]
  4023 | D:6      | HP: 1/93 [worker ant (3)]
  4023 | D:6      | Slain by an orc warrior

Vault maps used:
D:1:      roderic_chinese_lattice_arrival, hangedman_decor_diamond_cutter,
          minmay_misc_feat_more_columns, minivault_5, minmay_misc_feat_encased
D:3:      bloody_trog, nicolae_tso_swordbearing_angel, first_bread,
          roderic_three_in_a_row, lemuel_statue_altar
D:4:      serial_shops, shop
D:5:      slow_altar_2, uniq_pikel, uniq_edmund
D:6:      grunt_temple_overflow_order_and_chaos_2,
          gammafunk_temple_overflow_statue, kennysheep_generic_room_14,
          uniq_crazy_yiuf_cottage
Temple:   minmay_temple_bridge_abc

Skill      XL: |  1  2  3  4  5  6  7  8 |
---------------+-------------------------+-----
Dodging        | 3 4 5 6 7 |  7.4
Long Blades    | 3 4 |  4.8
Fighting       | 3 4 5 |  5.2
Shields        | 1 2 |  2.2
Throwing       | |  1.7

Action                   |  1- 3 |  4- 6 |  7- 9 || total
-------------------------+-------+-------+-------++-------
Melee: Long sword        |   103 |   125 |    72 ||   300
  Use: Scroll            |     8 |     1 |       ||     9
       Potion            |     6 |     3 |     4 ||    13
 Stab: Sleeping          |       |     1 |       ||     1
  Eat: Chunk             |     2 |     6 |     2 ||    10
       Beef jerky        |       |       |     1 ||     1
Armor: Leather armour    |    17 |    16 |     6 ||    39
       Skin              |     6 |    25 |    18 ||    49
Dodge: Dodged            |    56 |    75 |    30 ||   161
Block: Shield            |       |       |    21 ||    21
